 Dungeon Crawl Stone Soup version 0.26.1-2-gb8aa6d0cf2 (webtiles) character file.

Game seed: 15509845764230971068

1055 DearestLeader the Frost Mage (level 8, -3/57 HPs)
             Began as a Merfolk Ice Elementalist on Mar 6, 2021.
             Slain by an ogre
             ... wielding a +0 giant spiked club
              (16 damage)
             ... on level 6 of the Dungeon.
             The game lasted 00:12:48 (6718 turns).

DearestLeader the Frost Mage (MfIE)                 Turns: 6718, Time: 00:12:49

Health: -3/57      AC:  3    Str:  8    XL:     8   Next: 26%
Magic:  7/11       EV: 13    Int: 17    God:
Gold:   286        SH:  0    Dex: 14    Spells: 4/11 levels left

rFire    . . .     SeeInvis .   c - +0 dagger
rCold    + . .     Faith    .   (no shield)
rNeg     . . .     Spirit   .   n - +0 robe {rC+}
rPois    .         Reflect  .   (no helmet)
rElec    .         Harm     .   (no cloak)
rCorr    .         Rampage  .   (no gloves)
Will     .....                  t - +0 pair of boots
Stlth    ++........             (no amulet)
HPRegen  0.19/turn              (no ring)
MPRegen  0.12/turn              (no ring)

@: frozen ramparts, studying Throwing
A: change form in water, swift swim, stealthy swim
a: no special abilities


You were on level 6 of the Dungeon.
You visited 1 branch of the dungeon, and saw 6 of its levels.

You collected 286 gold pieces.

Inventory:

Hand Weapons
 c - a +0 dagger (weapon)
Missiles
 p - 2 throwing nets (quivered)
Armour
 n - a +0 robe of cold resistance (worn)
 t - a +0 pair of boots (worn)
Wands
 g - a wand of enslavement (8)
Scrolls
 a - 4 scrolls of magic mapping
 b - a scroll of fear
 e - a scroll of immolation {unknown}
 h - 2 scrolls of teleportation {unknown}
 o - 2 scrolls of enchant armour {unknown}
 q - 2 scrolls of remove curse {unknown}
 r - 3 scrolls of enchant weapon {unknown}
 s - 2 scrolls of fog {unknown}
 u - a scroll of identify
 w - a scroll of random uselessness {unknown}
Potions
 d - 2 potions of flight
 f - a potion of degeneration {unknown}
 i - a potion of mutation {unknown}
 j - 4 potions of brilliance
 k - 3 potions of haste
 l - a potion of heal wounds {unknown}
 m - a potion of ambrosia {unknown}
 x - a potion of attraction {unknown}
 z - a potion of curing {unknown}
Books
 v - a manual of Throwing


   Skills:
 + Level 2.7 Fighting
 - Level 2.6 Dodging
 - Level 2.1 Stealth
 - Level 2.0 Spellcasting
 * Level 10.7 Ice Magic


You had 4 spell levels left.
You knew the following spells:

 Your Spells              Type           Power        Failure   Level
a - Freeze                Ice            100%         1%          1
b - Frozen Ramparts       Ice            76%          1%          3
c - Ozocubu's Armour      Ice            38%          1%          3

Your spell library contained the following spells:

 Spells                   Type           Power        Failure   Level
 Hailstorm                Conj/Ice       19%          22%         4
 Summon Ice Beast         Ice/Summ       19%          22%         4


Dungeon Overview and Level Annotations

Branches:
Dungeon (6/15)
 Temple: D:4-7

Altars:
Ashenzari
Elyvilon
Gozag
Qazlal
Ru
Uskayaw
Wu Jian
Xom


Message History

Confirm with . or Enter, or press ? or * to list all spells.
Casting: Frozen Ramparts (safe; 1% risk of failure)
Press: ? - help, Dir - look around, f - activate The walls around you are covered in ice.
The wall freezes the howler monkey.
The howler monkey misses you.
The wall freezes the ogre!
The ogre hits you with a +0 giant spiked club!
* * * LOW HITPOINT WARNING * * *
The wall freezes the howler monkey!
The howler monkey completely misses you.
Casting: Frozen Ramparts (safe; 1% risk of failure)
Confirm with . or Enter, or press ? or * to list all spells.
Aiming: Freeze (safe; 1% risk of failure)
Press: ? - help, Shift-Dir - straight line, f - ogre
Aim: an ogre, wielding a +0 giant spiked club (moderately wounded)
You freeze the ogre!
The ogre is severely wounded.
The wall freezes the ogre.
The ogre hits you with a +0 giant spiked club!
You die...

#.........! .......#
#....#..........
.......#
#....+..........
.......#
#....#..........
.......# #....#......#
.......# #....+......#
.......# #....#......#
.......# +....#O.(...#
##'###########..@h.....#
.............)..########
.......รท........#
................#
................#
................#
#######......#### #
#......# # #......#


You could see an ogre and a howler monkey.

Vanquished Creatures
  Edmund (D:6)
  2 centaurs (D:4)
  2 ogres
  A bullfrog (D:4)
  A hound (D:6)
  2 jellies (D:5)
  2 orc priests (D:5)
  2 orc wizards
  Jessica (D:2)
  2 iguanas
  3 worker ants
  A worker ant zombie (D:5)
  7 adders
  6 worms
  A dart slug (D:2)
  4 leopard geckos
  15 orcs
  5 giant cockroaches
  10 goblins
  7 hobgoblins
  8 jackals
  5 quokkas
  2 ball pythons
  7 bats
  6 frilled lizards
  2 kobolds (D:1)
  9 rats
114 creatures vanquished.

Notes
Turn   | Place    | Note
-------+----------+-------------------------------------------
     0 | D:1      | DearestLeader the Merfolk Ice Elementalist began the quest
                  | for the Orb.
     0 | D:1      | Reached XP level 1. HP: 13/13 MP: 3/3
   178 | D:1      | Reached XP level 2. HP: 17/19 MP: 3/5
   187 | D:1      | Reached skill level 5 in Ice Magic
   808 | D:1      | Reached XP level 3. HP: 20/24 MP: 4/6
  1111 | D:1      | Learned a level 3 spell: Frozen Ramparts
  1490 | D:2      | Reached skill level 6 in Ice Magic
  1490 | D:2      | Reached XP level 4. HP: 11/30 MP: 1/7
  2688 | D:2      | Noticed Jessica
  2696 | D:2      | Killed Jessica
  2697 | D:2      | Reached XP level 5. HP: 35/35 MP: 4/8
  2908 | D:3      | Reached skill level 7 in Ice Magic
  3640 | D:4      | Found a stormy altar of Qazlal.
  3960 | D:4      | Reached skill level 8 in Ice Magic
  3960 | D:4      | Reached XP level 6. HP: 25/41 MP: 5/9
  3964 | D:4      | Learned a level 3 spell: Ozocubu's Armour
  4361 | D:4      | Reached skill level 9 in Ice Magic
  4361 | D:4      | Reached XP level 7. HP: 31/46 MP: 3/10
  4662 | D:4      | Found an opulent altar of Gozag.
  4897 | D:5      | Entered Level 5 of the Dungeon
  5145 | D:5      | Reached skill level 10 in Ice Magic
  5542 | D:5      | Reached skill level 1 in Fighting
  6242 | D:6      | Found an ornate altar of the Wu Jian Council.
  6247 | D:6      | Noticed Edmund
  6262 | D:6      | Killed Edmund
  6263 | D:6      | Reached XP level 8. HP: 51/56 MP: 1/11
  6384 | D:6      | Found a broken altar of Ashenzari.
  6385 | D:6      | Found a shimmering altar of Xom.
  6386 | D:6      | Found a sacrificial altar of Ru.
  6386 | D:6      | Found a hide-covered altar of Uskayaw.
  6386 | D:6      | Found a white marble altar of Elyvilon.
  6718 | D:6      | Slain by an ogre

Illustrated notes

Levels and vault maps discovered:
D:1:      dpeg_arrival_subterranean_lakeside_camping, layout_loops_ring
D:2:      layout_loops_cross, uniq_jessica
D:3:      layout_rooms
D:4:      layout_basic, kennysheep_mini, nicolae_overflow_crystal_walls,
          minmay_manual_mares
D:5:      layout_cave_pods, serial_rivers, chequers_serial_rivers_room_a,
          chequers_serial_rivers_large_a, chequers_serial_rivers_room_b,
          chequers_serial_rivers_small_3, chequers_serial_rivers_micro_b,
          chequers_serial_rivers_micro_c
D:6:      layout_gridville, grunt_temple_overflow_open, serial_bayou_pond_e,
          uniq_sigmund, uniq_menkaure, uniq_edmund

Skill      XL: |  1  2  3  4  5  6  7 |
---------------+----------------------+-----
Ice Magic      | 5 6 8 9 10 | 10.7
Fighting       | 2 |  2.7
Dodging        | |  2.6
Stealth        | |  2.1
Spellcasting   | |  2.0

Action                   |  1- 3 |  4- 6 |  7- 9 || total
-------------------------+-------+-------+-------++-------
Melee: Unarmed           |    12 |       |       ||    12
       Dagger            |    45 |    97 |    47 ||   189
 Cast: Freeze            |    39 |    38 |    28 ||   105
       Frozen Ramparts   |     1 |    13 |    15 ||    29
       Ozocubu's Armour  |       |       |     2 ||     2
  Use: Scroll            |       |     4 |     1 ||     5
 Stab: Sleeping          |     5 |     6 |     1 ||    12
Armor: Robe              |    18 |    17 |     7 ||    42
Dodge: Dodged            |    63 |    86 |    38 ||   187
